 Dungeon Crawl Stone Soup version 0.20.1-1-g8b1a95d66d (webtiles) character file.

49 FullBlownAIDS the Scratcher (level 3, -1/17 HPs)
             Began as a Felid Fighter on Nov 25, 2017.
             Slain by a gnoll
             ... wielding a +0 flail
              (5 damage)
             ... on level 2 of the Dungeon.
             The game lasted 00:03:04 (1999 turns).

FullBlownAIDS the Scratcher (Felid Fighter)         Turns: 1999, Time: 00:03:04

Health: -1/17      AC:  1    Str: 12    XL:     3   Next: 53%
Magic:  4/4        EV: 19    Int:  9    God:
Gold:   95         SH:  0    Dex: 16    Spells: 2/2 levels left
                                        Lives:  0   Deaths: 1

rFire    . . .     SeeInvis +     - Unarmed
rCold    + . .     Gourm    .   (shield unavailable)
rNeg     . . .     Faith    .   (armour unavailable)
rPois    .         Spirit   .   (helmet unavailable)
rElec    .         Reflect  .   (cloak unavailable)
rCorr    .         Harm     .   (gloves unavailable)
MR       .....                  (boots unavailable)
Stlth    +++.......             p - amulet of inaccuracy (curse)
Regen    0.1/turn               q - ring of flight
MPRegen  0.1/turn               m - ring of protection from cold

@: quick
A: no armour, no weapons or thrown items, stealth, claws 1, fangs 3, see
invisible, carnivore 3, speed 1, shaggy fur 1, slow metabolism 1, sharp paws
a: Evoke Flight


You were on level 2 of the Dungeon.
You were not hungry.

You visited 1 branch of the dungeon, and saw 2 of its levels.

You collected 95 gold pieces.

Inventory:

Jewellery
 c - a +3 ring of intelligence
 d - an uncursed ring of magical power
 l - an uncursed ring of ice
 m - a ring of protection from cold (right paw)
 p - a cursed amulet of inaccuracy (around neck)
 q - a ring of flight (left paw)
Scrolls
 f - 3 scrolls of recharging
 i - a scroll of teleportation
 j - 2 scrolls of identify
 n - a scroll of fog
Potions
 a - a potion of might
 e - a potion of agility {unknown}
 h - 4 potions of flight {unknown}
 k - 2 potions of invisibility {unknown}
 o - 3 potions of heal wounds {unknown}
Comestibles
 b - 3 meat rations


   Skills:
 - Level 3.0 Fighting
 - Level 4.0 Dodging
 + Level 4.2 Stealth
 + Level 5.0 Unarmed Combat


You had 2 spell levels left.
You didn't know any spells.

Dungeon Overview and Level Annotations

Branches:
Dungeon (2/15)

Altars:


Innate Abilities, Weirdness & Mutations

You cannot wear armour.
You are incapable of wielding weapons or throwing items.
Your paws allow you to move quietly. (Stealth)
You have sharp claws.
You have razor-sharp teeth.
You have supernaturally acute eyesight. (SInv)
You are carnivorous and can eat meat at any time.
You cover ground quickly.
You are covered in fur. (AC +1)
You have a slow metabolism.
Your sharp claws are effective at attacking unaware monsters.


Message History

You are too injured to fight recklessly!
You are too injured to fight recklessly!
Unknown command.
You scratch the giant cockroach.
The giant cockroach is moderately wounded.
The giant cockroach closely misses you.
You miss the giant cockroach. Your bite misses the giant cockroach.
The giant cockroach is moderately wounded.
The giant cockroach barely misses you.
You scratch the giant cockroach.
You kill the giant cockroach!
The gnoll barely misses you.
Things that are here:
a glowing dagger; a leather armour You scratch the gnoll.
The gnoll is moderately wounded.
The gnoll hits you.
* * * LOW HITPOINT WARNING * * *
The gnoll hits you with a +0 flail.
You die...

#....# #.........# ##.#.####
#.....>...#
#.#.##.####.........# ######
#.#...............# #.....
#......####g....# #.....
#.......###)....#########..###
##.........(###.......)(...#
##...#####g###.#########.##
....#.## #.g@..# #.# ###.###
###g###########†## #.
#.####.........### #.
#.................
######.#.####..### #.#.# #..#
#.#.# #..# #.#.# #..###
#.#.####.....


You could see 3 gnolls.

Vanquished Creatures
  Robin (D:2)
  2 adders (D:2)
  A gnoll (D:2)
  An ooze (D:1)
  3 dart slugs (D:1)
  3 bats
  2 giant cockroaches
  12 goblins
  10 hobgoblins
  8 frilled lizards
  3 kobolds
  2 rats
48 creatures vanquished.

Notes
Turn   | Place    | Note
-------+----------+-------------------------------------------
     0 | D:1      | FullBlownAIDS the Felid Fighter began the quest for the Orb.
     0 | D:1      | Reached XP level 1. HP: 10/10 MP: 2/2
    42 | D:1      | Reached skill level 1 in Stealth
    71 | D:1      | Reached XP level 2. HP: 14/14 MP: 3/3
   796 | D:2      | Reached XP level 3. HP: 17/17 MP: 4/4
   835 | D:2      | Noticed Robin
  1299 | D:2      | Killed Robin
  1650 | D:2      | Reached XP level 4. HP: 17/21 MP: 5/5
  1939 | D:2      | Mangled by a gnoll
  1940 | D:2      | Reached XP level 3. HP: -7/17 MP: 4/4
  1960 | D:2      | Reached skill level 5 in Unarmed Combat
  1999 | D:2      | Slain by a gnoll

Skill      XL: |  1  2  3  4 |
---------------+-------------+-----
Stealth        | 1 3 4 |  4.2
Unarmed Combat | 5 |  5.0
Fighting       | |  3.0
Dodging        | |  4.0

Action                   |  1- 3 |  4- 6 || total
-------------------------+-------+-------++-------
Melee: Unarmed           |    98 |    24 ||   122
       Bite              |     9 |     3 ||    12
       Punch             |     3 |       ||     3
  Use: Scroll            |       |     5 ||     5
 Stab: Sleeping          |     7 |     2 ||     9
  Eat: Chunk             |     1 |       ||     1
Armor: Skin              |     5 |       ||     5
Dodge: Dodged            |    63 |    14 ||    77
